 Dungeon Crawl Stone Soup version 0.26.1-11-gd32895ea62 (webtiles) character file.

Game seed: 3391021806946697587

170 infcreate the Sneak (level 5, -1/29 HPs)
             Began as a Vampire Enchanter on Apr 20, 2021.
             Slain by Grinder (3 damage)
             ... on level 3 of the Dungeon.
             The game lasted 00:07:08 (2598 turns).

infcreate the Sneak (Vampire Enchanter)             Turns: 2598, Time: 00:07:08

Health: -1/29      AC:  3    Str:  7    XL:     5   Next: 26%
Magic:  6/8        EV: 14    Int: 17    God:
Gold:   141        SH:  0    Dex: 16    Spells: 2/8 levels left

rFire    . . .     SeeInvis +   n - +4 dagger (elec)
rCold    + + .     Faith    .   (no shield)
rNeg     + + +     Spirit   .   b - +0 robe
rPois    ∞         Reflect  .   v - +0 helmet
rElec    .         Harm     .   (no cloak)
rCorr    .         Rampage  .   (no gloves)
Will     .....                  (no boots)
Stlth    +++++.....             l - amulet of magic regeneration
HPRegen  0.00/turn              (no ring)
MPRegen  0.36/turn              (no ring)

@: bloodless
A: fangs 3, see invisible, unbreathing
a: Bat Form, Revivify


You were on level 3 of the Dungeon.
You visited 1 branch of the dungeon, and saw 3 of its levels.

You collected 141 gold pieces.


Innate Abilities, Weirdness & Mutations

You do not regenerate when monsters are visible.
You are frail without blood (-20% HP).
You can heal yourself when you bite living creatures.
You are immune to poison.
You have razor-sharp teeth.
You have supernaturally acute eyesight. (SInv)
You can survive without breathing.


   Skills:
 + Level 1.0 Fighting
 * Level 2.7 Short Blades
 * Level 3.3 Dodging
 * Level 5.8 Stealth
 + Level 2.3 Spellcasting
 * Level 5.5 Hexes


You had 2 spell levels left.
You knew the following spells:

 Your Spells              Type           Power        Failure   Level
c - Corona                Hex            22%          1%          1
e - Ensorcelled Hibernat  Hex/Ice        22%          9%          2
t - Confusing Touch       Hex            20%          6%          3

Your spell library contained the following spells:

 Spells                   Type           Power        Failure   Level
 Slow                     Hex            20%          3%          2
 Magic Dart               Conj           4%           19%         1
 Blink                    Tloc           N/A          28%         2
 Call Imp                 Summ           1%           28%         2
 Tukima's Dance           Hex            20%          6%          3
 Dazzling Flash           Conj/Hex       22%          19%         3
 Conjure Flame            Conj/Fire      1%           50%         3
 Mephitic Cloud           Conj/Pois/Air  1%           50%         3

Inventory:

Hand Weapons
 n - a +4 dagger of electrocution (weapon)
Armour
 b - a +0 robe (worn)
 v - a +0 helmet (worn)
Jewellery
 i - an uncursed ring of willpower {unknown}
 l - an amulet of magic regeneration (around neck)
Wands
 r - a wand of flame (6)
Scrolls
 d - a scroll of identify {@r1}
 e - a scroll of remove curse {@r2}
 f - a scroll of amnesia
 g - 4 scrolls of teleportation {@r4}
 m - a scroll of fear {unknown}
 p - a scroll of magic mapping {unknown}
 s - a scroll of enchant armour {unknown}
Potions
 a - 3 potions of curing {unknown}
 c - 2 potions of mutation {unknown}
 h - a potion of degeneration {unknown}
 j - a potion of heal wounds {unknown}
 k - a potion of lignification {unknown}
 o - a potion of brilliance {unknown}
 q - a potion of attraction {unknown}
 t - a potion of cancellation {unknown}
 u - a potion of haste {unknown}

Dungeon Overview and Level Annotations

Branches:
Dungeon (3/15)

Altars:
Xom

Annotations:
D:3 Grinder

#...... ###......
........
############......
#.......†#####.###
#.................
#........#####.###
###........# #.#
#.5@▒▒.▒▒..# #..
#.#▒▒...▒▒.# ####
#.▒▒.....▒▒#########
#5▒.......▒.........
#.....⚑....(########
##▒.......▒....#..#
▒▒..$..▒▒.##.#..##
▒▒...▒▒#)##.#....
▒▒.▒ #.##.##.##


You could see Grinder (confused).


Message History

Grinder is lightly wounded.
Grinder barely misses you.
You hit Grinder but do no damage.
Grinder is lightly wounded.
Grinder blinks!
You hit the hobgoblin but do no damage.
You bite the hobgoblin, but do no damage.
The hobgoblin closely misses you.
You hit the hobgoblin but do no damage.
The hobgoblin appears confused.
You hit the hobgoblin. Your bite misses the hobgoblin.
The hobgoblin is almost dead.
The hobgoblin completely misses you.
Grinder blinks!
Your magical contamination has completely faded away.
You barely miss the hobgoblin.
The hobgoblin is almost dead.
The hobgoblin completely misses you.
You hit the hobgoblin.
Lightning courses through the hobgoblin!
You kill the hobgoblin!
Casting: Confusing Touch (quite dangerous; 6% risk of failure)
Confirm with . or Enter, or press ? or * to list all spells.
The spell is quite dangerous to cast (6% risk of failure)!
Continue anyway?
Your hands begin to glow red.
You hit Grinder but do no damage.
Grinder appears confused.
Grinder misses you.
You barely miss Grinder. Grinder hits you!
* * * LOW HITPOINT WARNING * * *
You hit Grinder. Lightning courses through Grinder!
Grinder is moderately wounded.
Grinder hits you.
You die...

Skill      XL: |  1  2  3  4  5 |
---------------+----------------+-----
Stealth        | 5 |  5.8
Short Blades   | 2 |  2.7
Hexes          | 5 |  5.5
Dodging        | 3 |  3.3
Fighting       | 1 |  1.0
Spellcasting   | |  2.3

Action                   |  1- 3 |  4- 6 || total
-------------------------+-------+-------++-------
Melee: Dagger            |    72 |    68 ||   140
       Bite              |     1 |     4 ||     5
 Cast: Corona            |     5 |       ||     5
       Ensorcelled Hiber |     9 |     7 ||    16
       Confusing Touch   |       |     2 ||     2
 Abil: Exsanguinate      |     1 |       ||     1
  Use: Scroll            |     3 |     1 ||     4
 Stab: Sleeping          |    27 |    14 ||    41
       Distracted        |       |     1 ||     1
Armor: Robe              |     5 |     4 ||     9
Dodge: Dodged            |    36 |    21 ||    57

Levels and vault maps discovered:
D:1:      elethiomel_arrival_shortcut, layout_loops_ring, minmay_nonomino_d4
D:2:      layout_basic
D:3:      layout_basic, lemuel_doored_altar, lemuel_round_altar,
          minmay_quantized, uniq_grinder, uniq_robin, uniq_ijyb

Notes
Turn   | Place    | Note
-------+----------+-------------------------------------------
     0 | D:1      | infcreate the Vampire Enchanter began the quest for the
                  | Orb.
     0 | D:1      | Reached XP level 1. HP: 13/13 MP: 3/3
   309 | D:1      | Reached XP level 2. HP: 15/15 MP: 5/5
   373 | D:1      | Learned a level 2 spell: Ensorcelled Hibernation
   659 | D:1      | Reached skill level 5 in Stealth
  1115 | D:1      | Reached XP level 3. HP: 20/20 MP: 1/6
  1443 | D:2      | Reached skill level 2 in Short Blades
  1509 | D:2      | Reached skill level 5 in Hexes
  1549 | D:2      | Reached XP level 4. HP: 24/24 MP: 4/7
  1983 | D:3      | Noticed Ijyb
  1986 | D:3      | Reached skill level 3 in Dodging
  1988 | D:3      | Killed Ijyb
  2034 | D:3      | Found a shimmering altar of Xom.
  2044 | D:3      | Noticed Grinder
  2150 | D:3      | Noticed Robin
  2220 | D:3      | Reached XP level 5. HP: 28/28 MP: 8/8
  2256 | D:3      | Learned a level 3 spell: Confusing Touch
  2319 | D:3      | Killed Robin
  2506 | D:3      | Reached skill level 1 in Fighting
  2597 | D:3      | HP: 2/29 [Grinder (8)]
  2598 | D:3      | Slain by Grinder

Vanquished Creatures
  Ijyb (D:3)
  Robin (D:3)
  4 adders
  2 oozes (D:2)
  A worm (D:2)
  A dart slug (D:3)
  3 leopard geckos
  2 orcs (D:3)
  A ball python (D:1)
  A giant cockroach (D:1)
  20 goblins
  15 hobgoblins
  A quokka (D:3)
  4 bats
  3 frilled lizards
  11 kobolds
  7 rats
78 creatures vanquished.

Table legend: (Time is in decaauts)
 A = Elapsed time spent in this place.
 B = Non-inter-level travel time spent in this place.
 C = Inter-level travel time spent in this place.
 D = Time resting spent in this place.
 E = Time spent auto-exploring this place.
 F = Levels seen in this place.
 G = Mean time per level.
                   A        B        C        D        E       F      G
               +--------+--------+--------+--------+--------+-----+--------+
         Total |   2586 |   2532 |     54 |      4 |   1923 |   3 |  862.0 |
       Dungeon |   2586 |   2532 |     54 |      4 |   1923 |   3 |  862.0 |
               +--------+--------+--------+--------+--------+-----+--------+

Top non-repeatable levels by time:
     D:1: 1163 daAuts
     D:2: 770 daAuts
     D:3: 652 daAuts

Table legend:
 A = Non-vault XP
 B = Vault XP
 C = Vault XP percentage of total XP
 D = Non-vault monster count
 E = Vault monster count
 F = Vault count percentage of total count
                 A         B        C        D         E       F
            +---------+---------+-------+---------+---------+-------
      Total |     171 |      73 |  29.9 |      63 |      15 |  19.2
            +---------+---------+-------+---------+---------+-------
        D:1 |      39 |       2 |   4.9 |      24 |       2 |   7.7
        D:2 |      89 |       0 |   0.0 |      25 |       0 |   0.0
        D:3 |      43 |      71 |  62.3 |      14 |      13 |  48.1
            +---------+---------+-------+---------+---------+-------
